Map: Scythe of Amon

Players

NamroodTuo

  • Race: Zerg Zerg

eSerys

  • Race: Protoss Protoss
  • Spawn Location: 5:00

VOD

Have the link to the VOD?

Description

Time

  • Played on: June 1, 2023, 11:53 a.m.
  • Length: 27:56
Show
View Real Time Build Order
Export as new Build Order

NamroodTuo Zerg 

Build Orders:  

Get SALT Encoding   

  12  0:20  Infested Barracks  
  12  0:27  Infested SCV  
  13  0:32  Infested SCV  
  13  0:39  Infested SCV  
  15  1:11  Overlord  
  15  1:30  Infestation Level 1  
  15  1:32  Infested Engineering Bay  
  15  1:36  Infested SCV  
  16  1:40  Infested SCV  
  17  1:53  Infested SCV  
  17  1:57  Overlord  
  18  2:01  Infested SCV  
  18  2:06  Infested SCV  
  20  2:18  Infested Refinery  
  20  2:20  Infested SCV  
  21  2:37  Infested SCV  
  22  2:41  Infested SCV  
  23  2:52  Infested Refinery  
  23  3:00  Infested SCV  
  24  3:13  Infested SCV  
  25  3:29  Infested SCV  
  26  3:36  Anaerobic Enhancement  
  26  3:51  Infested Marine  
  26  3:52  Infested Marine x4  
  31  4:14  Overlord  
  31  4:15  Infestation Level 2, Overlord  
  31  4:49  Infested Bunker  
  35  4:54  Stukov Infantry Weapons Level 1  
  35  5:01  Infested SCV  
  35  5:02  Infested SCV  
  35  5:03  Infested SCV  
  35  5:05  Overlord  
  38  5:33  Infested Bunker  
  38  5:36  Infested Barracks Tech Lab  
  42  5:40  Infested SCV  
  38  6:27  Infested Marine  
  38  6:28  Infested Marine x7  
  50  6:44  Infested Bunker  
  50  7:01  Infested SCV, Infested Command Center  
  51  7:31  Overlord  
  51  7:32  Overlord  
  51  7:34  Stukov Infantry Armor Level 1  
  51  7:58  Infested Missile Turret  
  47  8:27  Infested Bunker  
  47  8:42  Infested Bunker  
  51  8:56  Broodling Gestation  
  51  9:15  Retinal Augmentation  
  51  9:22  Infested SCV  
  52  9:36  Infested Factory  
  52  9:51  Infested Marine  
  52  9:52  Infested Marine x9  
  62  10:14  Regenerative Plating  
  66  10:27  Infested Missile Turret  
  66  10:30  Infested Bunker  
  66  10:36  Infested Command Center  
  66  10:37  Infested SCV x2  
  66  10:38  Infested SCV x2  
  70  11:06  Infested Marine  
  71  11:10  Infested SCV  
  71  11:18  Infested Bunker  
  66  11:31  Infested Factory Tech Lab  
  66  11:34  Stukov Infantry Armor Level 2  
  66  11:38  Plagued Munitions  
  66  11:52  Infested Armory  
  66  12:18  Infested Bunker  
  69  12:58  Infested Bunker  
  73  13:01  Infested SCV  
  73  13:02  Infested SCV x4  
  78  13:29  Infested Marine  
  79  13:30  Infested Marine x7  
  86  14:28  Infested Marine x3  
  86  14:34  Overlord x4  
  86  14:35  Overlord  
  86  14:36  Aggressive Incubation  
  84  14:42  Overlord x5  
  82  15:23  Infested Marine  
  82  15:24  Infested Marine x12  
  82  15:25  Infested Marine x7  
  109  15:46  Infested Bunker  
  113  15:52  Infested Bunker  
  101  16:36  Infested Bunker  
  100  16:41  Infested Bunker  
  98  16:58  Stukov Infantry Armor Level 3, Infestation Level 3  
  98  17:03  Stukov Vehicle and Ship Armor Level 1  
  98  17:05  Automated Mitosis  
  98  17:22  Infested Marine  
  98  17:23  Infested Marine x5  
  98  17:24  Infested Marine x2  
  98  17:28  Infested Bunker  
  104  17:57  Infested Marine x3  
  104  17:58  Infested Marine x16  
  120  18:05  Acidic Enzymes  
  110  19:43  Stukov Vehicle and Ship Weapons Level 1  
  95  19:50  Infested Marine  
  95  19:51  Infested Marine x6  
  95  19:52  Infested Marine x13  
  99  20:06  Infested Marine  
  99  20:07  Infested Marine x2  
  102  20:12  Infested Diamondback x4  
  102  20:13  Infested Diamondback  
  117  20:38  Stukov Infantry Weapons Level 2  
  102  21:14  Infested Command Center  
  99  21:37  Infested Marine x4  
  99  21:38  Infested Marine x14  
  113  21:45  Infested Diamondback x3  
  113  21:46  Infested Diamondback  
  124  22:22  Stukov Vehicle and Ship Armor Level 2  
  124  22:59  Infested Marine x8  
  132  23:00  Infested Marine x8  
  132  23:01  Infested Marine  
  102  23:44  Infested Diamondback  
  102  23:45  Infested Diamondback x4  
  102  23:48  Calcified Armor  
  117  24:13  Infested SCV x4  
  117  24:14  Infested SCV  
  117  24:18  Infested Bunker  
  114  24:40  Overseer  
  114  24:41  Overseer x4  
  114  24:46  Overlord x2  
  90  25:24  Infested Marine  
  90  25:25  Infested Marine x7  
  90  25:26  Infested Marine x12  
  98  25:37  Infested Barracks  
  98  25:38  Infested Barracks, Infested SCV x3  
  101  25:45  Unknown  
  92  26:18  Infested SCV x2  
  98  26:29  Infested Bunker  
  92  27:07  Infested Marine x4  
  92  27:08  Infested Marine x20  
  92  27:09  Infested Marine x10  
Show
View Real Time Build Order
Export as new Build Order

eSerys Protoss 

Build Orders:  

Get SALT Encoding   

  12  0:03  Probe (Chrono Boost)  
  13  0:20  Probe (Chrono Boost)  
  13  0:29  Pylon  
  14  0:35  Assimilator  
  14  0:38  Probe (Chrono Boost)  
  15  0:53  Probe (Chrono Boost)  
  16  1:07  Probe (Chrono Boost)  
  17  1:21  Probe (Chrono Boost)  
  18  1:32  Gateway  
  18  1:37  Pylon  
  18  1:41  Probe (Chrono Boost)  
  18  1:44  Assimilator  
  19  1:54  Probe (Chrono Boost)  
  20  2:08  Probe (Chrono Boost)  
  21  2:22  Probe (Chrono Boost)  
  22  2:36  Probe (Chrono Boost)  
  23  2:41  Cybernetics Core  
  23  2:51  Forge  
  23  2:52  Forge  
  23  3:01  Pylon  
  23  3:04  Probe (Chrono Boost)  
  24  3:18  Probe (Chrono Boost)  
  25  3:39  Robotics Facility  
  25  3:47  Probe (Chrono Boost)  
  26  4:01  Probe (Chrono Boost), Protoss Air Weapons Level 1, Protoss Ground Weapons Level 1  
  26  4:04  Protoss Shields Level 1  
  27  4:28  Supplicant x2  
  31  4:47  Vanguard  
  35  5:09  Pylon  
  35  5:10  Pylon  
  35  5:11  Pylon  
  35  5:20  Robotics Bay  
  35  5:36  Supplicant x2  
  39  6:34  Wraithwalker  
  45  6:40  Aerial Tracking  
  45  6:43  Protoss Ground Armor Level 1, Protoss Air Armor Level 1  
  45  7:04  Death Council  
  45  7:10  Supplicant x2  
  49  7:28  Pylon x2  
  49  7:31  Pylon  
  49  7:40  Rapid Power Cycling  
  47  8:20  Wraithwalker  
  47  8:22  Supplicant x2  
  57  8:33  Protoss Ground Weapons Level 2, Protoss Air Weapons Level 2  
  49  9:33  Supplicant x2  
  49  9:35  Wraithwalker  
  49  10:19  Probe (Chrono Boost)  
  50  10:23  Supplicant x2  
  54  10:34  Protoss Shields Level 2  
  54  10:35  Probe (Chrono Boost)  
  55  10:52  Probe (Chrono Boost)  
  56  11:09  Nexus, Probe (Chrono Boost)  
  57  11:12  Assimilator  
  57  11:18  Assimilator  
  57  11:26  Probe (Chrono Boost)  
  56  11:43  Probe (Chrono Boost)  
  58  12:00  Probe (Chrono Boost)  
  58  12:10  Wraithwalker  
  58  12:12  Supplicant x2  
  58  12:17  Probe (Chrono Boost)  
  69  12:21  Mothership  
  69  12:23  Pylon  
  69  12:24  Pylon  
  69  12:26  Pylon  
  69  12:30  Pylon  
  69  12:34  Pylon  
  69  12:38  Probe (Chrono Boost)  
  69  12:39  Supplicant x2  
  74  12:55  Probe (Chrono Boost)  
  75  13:10  Protoss Air Armor Level 2, Protoss Ground Armor Level 2  
  75  13:12  Probe (Chrono Boost)  
  76  13:25  Wraithwalker  
  76  13:29  Probe (Chrono Boost)  
  81  13:44  Imposing Presence  
  81  13:46  Probe (Chrono Boost)  
  82  14:11  Supplicant x2  
  66  15:00  Supplicant x2  
  62  15:13  Cloaking Module  
  62  15:14  Telekinesis  
  60  15:28  Supplicant x2  
  64  15:56  Havoc  
  63  16:13  Bloodshard Resonance  
  63  16:19  Blood Shields  
  63  16:33  Havoc  
  64  16:56  Probe (Chrono Boost)  
  65  17:10  Probe (Chrono Boost), Supplicant x2  
  70  17:24  Probe (Chrono Boost)  
  71  17:37  Supplicant x2  
  71  17:38  Probe (Chrono Boost)  
  74  17:40  Wraithwalker  
  80  17:52  Probe (Chrono Boost)  
  81  18:05  Probe (Chrono Boost), Supplicant x2, Protoss Ground Armor Level 3, Protoss Air Armor Level 3  
  86  18:24  Mothership  
  86  18:33  Supplicant x2  
  90  18:41  Protoss Air Weapons Level 3, Protoss Ground Weapons Level 3  
  90  18:55  Wraithwalker  
  96  19:01  Supplicant x2  
  100  19:29  Supplicant x2  
  104  19:57  Supplicant x2  
  108  20:10  Wraithwalker  
  108  20:13  Probe (Chrono Boost)  
  115  20:25  Supplicant x2  
  115  20:26  Probe (Chrono Boost)  
  118  20:40  Probe (Chrono Boost)  
  113  20:53  Supplicant x2  
  113  20:54  Probe (Chrono Boost)  
  92  21:18  Wraithwalker  
  80  21:21  Supplicant x2  
  86  21:45  Protoss Shields Level 3  
  86  21:49  Supplicant x2  
  90  22:17  Supplicant x2  
  90  22:19  Wraithwalker  
  92  22:45  Supplicant x2  
  96  22:55  Robotics Facility  
  96  22:56  Robotics Facility  
  96  23:10  Detect Weakness  
  96  23:13  Havoc  
  97  23:20  Wraithwalker  
  73  23:50  Supplicant x2  
  77  24:18  Supplicant x2  
  81  24:21  Wraithwalker  
  81  24:23  Wraithwalker x2  
  99  24:46  Supplicant x2  
  99  24:47  Mothership  
  99  25:13  Supplicant x2  
  103  25:22  Wraithwalker  
  103  25:38  Wraithwalker x2  
  121  25:41  Supplicant x2  
  125  26:09  Supplicant x2  
  129  26:24  Wraithwalker  
  129  26:37  Supplicant x2  
  141  27:08  Supplicant x2  
Tags
 
Commander
AlarakStukov
Matchup
Co-op
Replay Pack
Multiplayer
Add a new tag
Caveats
  • Supply blocks, unpowered buildings, or Contaminate may cause inaccurate times.
  • Supply counts are checked every 10 seconds.